TOP OF THE 1ST |
Wichita State University Shockers batting - Pitching for University of Alabama Crimson Tide : LHP Josh Thorpe
|
Pitching: LHP Josh Thorpe
|
|
Batting: RHB Mike Savage
|
0-0: Swinging Strike 0-1: Foul Ball, location: 2F 0-2: Strikes out swinging
|
Batting: RHB Juan Caban
|
0-0: Ball 1-0: Foul Ball, location: 2F 1-1: Ball 2-1: Ball 3-1: Foul Ball, location: 2F 3-2: Base on Balls
|
Batting: RHB Malik Brookshire
|
0-0: Fly out, F2 (Popup, 15S, EV 90.6 MPH)
|
Batting: RHB Bryan Peterson
|
0-0: Called Strike 0-1: Ball 1-1: Ball 2-1: DOUBLE (Groundball, 3L, EV 95.0 MPH) Juan Caban to third
|
Batting: RHB Scott Wiggs
|
0-0: Ball 1-0: Ground out 6-3 (Groundball, 6, EV 86.3 MPH)
|
Top of the 1st over - 0 runs, 1 hit, 0 errors, 2 left on base; Wichita State University 0 - University of Alabama 0 |
BOTTOM OF THE 1ST |
University of Alabama Crimson Tide batting - Pitching for Wichita State University Shockers : RHP Scott Lowry
|
Pitching: RHP Scott Lowry
|
|
Batting: LHB Victor Zamora
|
0-0: Foul Ball, location: 2F 0-1: Ball 1-1: Ball 2-1: Ground out 5-3 (Groundball, 56, EV 80.0 MPH)
|
Batting: RHB Jonathan Samuel
|
0-0: Ball 1-0: Ball 2-0: Ball 3-0: Called Strike 3-1: Base on Balls
|
Batting: RHB Ryan Hiemer
|
0-0: Called Strike 0-1: Swinging Strike 0-2: Fly out, F7 (Flyball, 7D, EV 88.1 MPH)
|
Batting: LHB Fernando Gomez
|
0-0: Ball 1-0: Ball 2-0: Ball 3-0: Called Strike 3-1: Base on Balls Jonathan Samuel to second
|
Batting: RHB Vince Jackson
|
0-0: Ball 1-0: Called Strike 1-1: Ball 2-1: Ball 3-1: Base on Balls Jonathan Samuel to third Fernando Gomez to second
|
Batting: RHB Jeremy Dennis
|
0-0: SINGLE (Groundball, 25, EV 68.1 MPH) (infield hit) Jonathan Samuel scores Fernando Gomez to third Vince Jackson to second
|
Batting: RHB Muneer Maudad
|
0-0: Fly out, F8 (Flyball, 8RD, EV 99.4 MPH)
|
Bottom of the 1st over - 1 run, 1 hit, 0 errors, 3 left on base; Wichita State University 0 - University of Alabama 1 |
TOP OF THE 2ND |
Wichita State University Shockers batting - Pitching for University of Alabama Crimson Tide : LHP Josh Thorpe
|
Batting: LHB Bobby Arevalo
|
0-0: Ground out 4-3 (Groundball, 4, EV 87.5 MPH)
|
Batting: RHB Jimmy Mayville
|
0-0: Swinging Strike 0-1: Foul Ball, location: 2F 0-2: Ball 1-2: Strikes out swinging
|
Batting: LHB Takatsugu Ishikawa
|
0-0: Ball 1-0: Ball 2-0: Called Strike 2-1: Swinging Strike 2-2: Strikes out swinging
|
Top of the 2nd over - 0 runs, 0 hits, 0 errors, 0 left on base; Wichita State University 0 - University of Alabama 1 |
BOTTOM OF THE 2ND |
University of Alabama Crimson Tide batting - Pitching for Wichita State University Shockers : RHP Scott Lowry
|
Batting: RHB Kevin Benfield
|
0-0: Swinging Strike 0-1: Ball 1-1: Foul Ball, location: 2F 1-2: Hit by Pitch
|
Batting: SHB Josh Thorpe
|
0-0: Ball 1-0: Called Strike 1-1: Ball 2-1: Foul Ball, location: 2F 2-2: Sac Bunt to 23 - play at first, batter OUT! 3-4 Kevin Benfield to second
|
Batting: LHB Victor Zamora
|
0-0: Called Strike 0-1: Foul Ball, location: 2F 0-2: Ball 1-2: Strikes out swinging
|
Batting: RHB Jonathan Samuel
|
0-0: Ball 1-0: Ball 2-0: Ground out 6-3 (Groundball, 6MS, EV 92.5 MPH)
|
Bottom of the 2nd over - 0 runs, 0 hits, 0 errors, 1 left on base; Wichita State University 0 - University of Alabama 1 |
TOP OF THE 3RD |
Wichita State University Shockers batting - Pitching for University of Alabama Crimson Tide : LHP Josh Thorpe
|
Batting: LHB Scott Lowry
|
0-0: Ball 1-0: Called Strike 1-1: Foul Ball, location: 2F 1-2: Ball 2-2: Strikes out swinging
|
Batting: RHB Mike Savage
|
0-0: Ball 1-0: Ball 2-0: Foul Ball, location: 2F 2-1: Fly out, F8 (Flyball, 8LM, EV 81.9 MPH)
|
Batting: RHB Juan Caban
|
0-0: Swinging Strike 0-1: Ball 1-1: Ball 2-1: Ball 3-1: Base on Balls
|
Batting: RHB Malik Brookshire
|
0-0: Foul Ball, location: 2F 0-1: Foul Ball, location: 2F 0-2: Foul Ball, location: 2F 0-2: Ball 1-2: Foul Ball, location: 2F 1-2: Ball 2-2: Foul Ball, location: 2F 2-2: Ball 3-2: Foul Ball, location: 2F 3-2: Fly out, F5 (Flyball, 5D, EV 93.1 MPH)
|
Top of the 3rd over - 0 runs, 0 hits, 0 errors, 1 left on base; Wichita State University 0 - University of Alabama 1 |
BOTTOM OF THE 3RD |
University of Alabama Crimson Tide batting - Pitching for Wichita State University Shockers : RHP Scott Lowry
|
Batting: RHB Ryan Hiemer
|
0-0: Called Strike 0-1: Fly out, F8 (Line Drive, 8RM, EV 106.9 MPH)
|
Batting: LHB Fernando Gomez
|
0-0: Ball 1-0: Called Strike 1-1: Called Strike 1-2: SINGLE (Groundball, 13S, EV 73.1 MPH) (infield hit)
|
Batting: RHB Vince Jackson
|
0-0: Ball 1-0: Ball 2-0: Ball 3-0: Called Strike 3-1: Base on Balls Fernando Gomez to second
|
Batting: RHB Jeremy Dennis
|
0-0: Ball 1-0: Ball Fernando Gomez is caught stealing 3rd base 2-5 2-0: Called Strike 2-1: Swinging Strike 2-2: Strikes out swinging
|
Bottom of the 3rd over - 0 runs, 1 hit, 0 errors, 1 left on base; Wichita State University 0 - University of Alabama 1 |
TOP OF THE 4TH |
Wichita State University Shockers batting - Pitching for University of Alabama Crimson Tide : LHP Josh Thorpe
|
Batting: RHB Bryan Peterson
|
0-0: Ball 1-0: Ball 2-0: Called Strike 2-1: Swinging Strike 2-2: Strikes out swinging
|
Batting: RHB Scott Wiggs
|
0-0: Ball 1-0: Ground out 4-3 (Groundball, 4, EV 103.1 MPH)
|
Batting: LHB Bobby Arevalo
|
0-0: Ball 1-0: Foul Ball, location: 2F 1-1: Ball 2-1: Ball 3-1: SINGLE (Groundball, 34D, EV 94.4 MPH)
|
Batting: RHB Jimmy Mayville
|
0-0: Ball 1-0: Foul Ball, location: 2F 1-1: Ball 2-1: Swinging Strike 2-2: Foul Ball, location: 2F 2-2: Strikes out swinging
|
Top of the 4th over - 0 runs, 1 hit, 0 errors, 1 left on base; Wichita State University 0 - University of Alabama 1 |
BOTTOM OF THE 4TH |
University of Alabama Crimson Tide batting - Pitching for Wichita State University Shockers : RHP Scott Lowry
|
Batting: RHB Muneer Maudad
|
0-0: Ball 1-0: Called Strike 1-1: Swinging Strike 1-2: Strikes out swinging
|
Batting: RHB Kevin Benfield
|
0-0: Ball 1-0: Ball 2-0: Swinging Strike 2-1: Called Strike 2-2: Foul Ball, location: 2F 2-2: Foul Ball, location: 2F 2-2: Ball 3-2: Base on Balls
|
Batting: SHB Josh Thorpe
|
0-0: Ball 1-0: Ball 2-0: Sac Bunt to P - play at first, batter OUT! 1-4 Kevin Benfield to second
|
Batting: LHB Victor Zamora
|
0-0: Called Strike 0-1: Fly out, F9 (Flyball, 9LS, EV 83.1 MPH)
|
Bottom of the 4th over - 0 runs, 0 hits, 0 errors, 1 left on base; Wichita State University 0 - University of Alabama 1 |
TOP OF THE 5TH |
Wichita State University Shockers batting - Pitching for University of Alabama Crimson Tide : LHP Josh Thorpe
|
Batting: LHB Takatsugu Ishikawa
|
0-0: Swinging Strike 0-1: Called Strike 0-2: Strikes out swinging
|
Batting: LHB Scott Lowry
|
0-0: Ball 1-0: Foul Ball, location: 2F 1-1: SINGLE (Groundball, 34D, EV 101.3 MPH)
|
Batting: RHB Mike Savage
|
0-0: Grounds into double play, 5-4-3 (Groundball, 56, EV 103.1 MPH)
|
Top of the 5th over - 0 runs, 1 hit, 0 errors, 0 left on base; Wichita State University 0 - University of Alabama 1 |
BOTTOM OF THE 5TH |
University of Alabama Crimson Tide batting - Pitching for Wichita State University Shockers : RHP Scott Lowry
|
Batting: RHB Jonathan Samuel
|
0-0: Foul Ball, location: 2F 0-1: Foul Ball, location: 2F 0-2: Ball 1-2: DOUBLE (Flyball, 8LD, EV 88.8 MPH)
|
Pitching: RHP Zach Wilson
|
|
Batting: RHB Ryan Hiemer
|
0-0: Swinging Strike 0-1: Foul Ball, location: 2F 0-2: Foul Ball, location: 2F 0-2: Ball 1-2: Ball 2-2: Foul Ball, location: 2F 2-2: Foul Ball, location: 2F 2-2: Ball 3-2: Base on Balls
|
Batting: LHB Fernando Gomez
|
0-0: Ball 1-0: Foul Ball, location: 2F 1-1: Fly out, F7 (Flyball, 78D, EV 96.9 MPH)
|
Batting: RHB Vince Jackson
|
0-0: Ball 1-0: Ball 2-0: Called Strike 2-1: Fly out, F8 (Flyball, 8RD, EV 89.4 MPH)
|
Batting: RHB Jeremy Dennis
|
0-0: Ball 1-0: Swinging Strike 1-1: Ball 2-1: Called Strike 2-2: Ball 3-2: Strikes out swinging
|
Bottom of the 5th over - 0 runs, 1 hit, 0 errors, 2 left on base; Wichita State University 0 - University of Alabama 1 |
TOP OF THE 6TH |
Wichita State University Shockers batting - Pitching for University of Alabama Crimson Tide : LHP Josh Thorpe
|
Pitching: RHP Greg Spaulding
|
|
Now at 3B: Matt Childers
|
|
Batting: RHB Juan Caban
|
0-0: Ball 1-0: Swinging Strike 1-1: Foul Ball, location: 2F 1-2: Foul Ball, location: 2F 1-2: Ball 2-2: Strikes out looking
|
Batting: RHB Malik Brookshire
|
0-0: Ball 1-0: Foul Ball, location: 2F 1-1: Foul Ball, location: 2F 1-2: Strikes out swinging
|
Batting: RHB Bryan Peterson
|
0-0: Called Strike 0-1: Swinging Strike 0-2: Foul Ball, location: 2F 0-2: Ball 1-2: Ground out 6-3 (Groundball, 6, EV 79.4 MPH)
|
Top of the 6th over - 0 runs, 0 hits, 0 errors, 0 left on base; Wichita State University 0 - University of Alabama 1 |
BOTTOM OF THE 6TH |
University of Alabama Crimson Tide batting - Pitching for Wichita State University Shockers : RHP Zach Wilson
|
Pitching: RHP Sam Howard
|
|
Batting: RHB Muneer Maudad
|
0-0: Ball 1-0: Foul Ball, location: 2F 1-1: Fly out, F4 (Popup, 34S, EV 78.8 MPH)
|
Batting: RHB Kevin Benfield
|
0-0: Ball 1-0: Ball 2-0: Swinging Strike 2-1: Foul Ball, location: 2F 2-2: Strikes out swinging
|
Pinch Hitting: RHB Billy Walker
|
0-0: Ball 1-0: SOLO HOME RUN (Flyball, 78XD, EV 110.0 MPH), Distance : 416 ft
|
Batting: LHB Victor Zamora
|
0-0: Swinging Strike 0-1: Foul Ball, location: 2F 0-2: SINGLE (Groundball, 3D, EV 100.0 MPH)
|
Batting: RHB Jonathan Samuel
|
0-0: Ball 1-0: Ball 2-0: Ball 3-0: Called Strike 3-1: Base on Balls Victor Zamora to second
|
Pitching: RHP David Pfaff
|
|
Batting: RHB Ryan Hiemer
|
0-0: Ball 1-0: SINGLE (Groundball, 56S, EV 65.0 MPH) (infield hit) Victor Zamora to third Jonathan Samuel to second
|
Batting: LHB Fernando Gomez
|
0-0: SINGLE (Line Drive, 4MD, EV 102.5 MPH) Victor Zamora scores Jonathan Samuel to third Ryan Hiemer to second Runner from 3rd tries for Home, SAFE, throw by CF to home
|
Batting: RHB Vince Jackson
|
0-0: Fly out, F8 (Flyball, 8RM, EV 94.4 MPH)
|
Bottom of the 6th over - 3 runs, 4 hits, 0 errors, 2 left on base; Wichita State University 0 - University of Alabama 4 |
TOP OF THE 7TH |
Wichita State University Shockers batting - Pitching for University of Alabama Crimson Tide : RHP Greg Spaulding
|
Pitching: RHP Stephen Quijada
|
|
Batting: RHB Scott Wiggs
|
0-0: Ball 1-0: Swinging Strike 1-1: Ball 2-1: Ball 3-1: Called Strike 3-2: SOLO HOME RUN (Flyball, 9LD, EV 100.0 MPH), Distance : 367 ft
|
Batting: LHB Bobby Arevalo
|
0-0: Fly out, F9 (Flyball, 9S, EV 82.5 MPH)
|
Batting: RHB Jimmy Mayville
|
0-0: Fly out, F8 (Flyball, 89D, EV 89.4 MPH)
|
Batting: LHB Takatsugu Ishikawa
|
0-0: Foul Ball, location: 2F 0-1: Ball 1-1: Ball 2-1: Reached on error, E4 (Groundball, 34, EV 98.8 MPH)
|
Pinch Hitting: RHB Manny Miranda
|
0-0: Ball 1-0: Fly out, F8 (Flyball, 8LD, EV 94.4 MPH)
|
Top of the 7th over - 1 run, 1 hit, 1 error, 1 left on base; Wichita State University 1 - University of Alabama 4 |
BOTTOM OF THE 7TH |
University of Alabama Crimson Tide batting - Pitching for Wichita State University Shockers : RHP David Pfaff
|
Pitching: RHP Nate Dallman
|
|
Batting: SHB Matt Childers
|
0-0: Ball 1-0: Ball 2-0: Ball 3-0: Called Strike 3-1: Called Strike 3-2: Base on Balls
|
Batting: RHB Muneer Maudad
|
0-0: Ball 1-0: Swinging Strike 1-1: Foul Ball, location: 2F 1-2: Strikes out swinging
|
Batting: RHB Kevin Benfield
|
0-0: Called Strike 0-1: Ball 1-1: Ball 2-1: Foul Ball, location: 2F 2-2: Foul Ball, location: 2F 2-2: Ball 3-2: Strikes out swinging
|
Pinch Hitting: LHB Kevin Siecinski
|
0-0: Ball 1-0: Called Strike 1-1: Called Strike 1-2: Ball 2-2: Fielders Choice at 2nd, 6-4 (Groundball, 6, EV 97.5 MPH)
|
Bottom of the 7th over - 0 runs, 0 hits, 0 errors, 1 left on base; Wichita State University 1 - University of Alabama 4 |
TOP OF THE 8TH |
Wichita State University Shockers batting - Pitching for University of Alabama Crimson Tide : RHP Stephen Quijada
|
Pitching: LHP Juan Perez
|
|
Batting: RHB Mike Savage
|
0-0: Called Strike 0-1: SINGLE (Line Drive, 9S, EV 95.0 MPH)
|
Batting: RHB Juan Caban
|
0-0: SINGLE (Groundball, 6MD, EV 94.4 MPH) Mike Savage to second
|
Batting: RHB Malik Brookshire
|
0-0: Foul Ball, location: 2F 0-1: Ball 1-1: Foul Ball, location: 2F 1-2: Foul Ball, location: 2F 1-2: Ball 2-2: Ball 3-2: Fly out, F4 (Popup, 4, EV 61.3 MPH)
|
Batting: RHB Bryan Peterson
|
0-0: Ball 1-0: Ball 2-0: Called Strike 2-1: Ball 3-1: Base on Balls Mike Savage to third Juan Caban to second
|
Pitching: RHP Eddie Hodgson
|
|
Pinch Hitting: LHB Terry Ebersole
|
0-0: Ball 1-0: SINGLE (Groundball, 56, EV 96.9 MPH) Mike Savage scores Juan Caban to third Bryan Peterson to second
|
Batting: LHB Bobby Arevalo
|
0-0: Ball 1-0: Called Strike 1-1: Called Strike 1-2: Foul Ball, location: 2F 1-2: Ball 2-2: Ball 3-2: Base on Balls Juan Caban scores Bryan Peterson to third Terry Ebersole to second
|
Pinch Hitting: RHB Jason Peyton
|
0-0: Ball 1-0: Ball 2-0: Ball 3-0: Base on Balls Bryan Peterson scores Terry Ebersole to third Bobby Arevalo to second
|
Batting: LHB Takatsugu Ishikawa
|
0-0: Ball 1-0: Ball 2-0: Swinging Strike 2-1: GRAND SLAM HOME RUN (Flyball, 7LD, EV 107.5 MPH), Distance : 353 ft
|
Pitching: RHP Josh Prevatte
|
|
Batting: RHB Nate Dallman
|
0-0: Called Strike 0-1: Ball 1-1: Foul Ball, location: 2F 1-2: Ball 2-2: Strikes out swinging
|
Batting: RHB Mike Savage
|
0-0: Ball 1-0: Called Strike 1-1: Foul Ball, location: 2F 1-2: Foul Ball, location: 2F 1-2: Ball 2-2: Foul Ball, location: 2F 2-2: Ball 3-2: Strikes out swinging, 2-3 out at first.
|
Top of the 8th over - 7 runs, 4 hits, 0 errors, 0 left on base; Wichita State University 8 - University of Alabama 4 |
BOTTOM OF THE 8TH |
University of Alabama Crimson Tide batting - Pitching for Wichita State University Shockers : RHP Nate Dallman
|
Now at 1B: Kyle Sanchez
|
|
Now at 2B: Dave Putnam
|
|
Batting: LHB Victor Zamora
|
0-0: Ball 1-0: Ground out 3-1 (Groundball, 34S, EV 86.3 MPH)
|
Batting: RHB Jonathan Samuel
|
0-0: Called Strike 0-1: Swinging Strike 0-2: Strikes out swinging
|
Batting: RHB Ryan Hiemer
|
0-0: Ball 1-0: Called Strike 1-1: Ball 2-1: Swinging Strike 2-2: Strikes out looking
|
Bottom of the 8th over - 0 runs, 0 hits, 0 errors, 0 left on base; Wichita State University 8 - University of Alabama 4 |
TOP OF THE 9TH |
Wichita State University Shockers batting - Pitching for University of Alabama Crimson Tide : RHP Josh Prevatte
|
Batting: RHB Juan Caban
|
0-0: Ball 1-0: Foul Ball, location: 2F 1-1: Ball 2-1: Ground out U3 (Groundball, 34, EV 80.6 MPH)
|
Batting: RHB Malik Brookshire
|
0-0: Foul Ball, location: 2F 0-1: Swinging Strike 0-2: Foul Ball, location: 2F 0-2: Ball 1-2: Strikes out swinging
|
Batting: RHB Bryan Peterson
|
0-0: Called Strike 0-1: Ball 1-1: TRIPLE (Flyball, 89XD, EV 109.4 MPH)
|
Batting: SHB Kyle Sanchez
|
0-0: Ball 1-0: Ball 2-0: Fly out, F4 (Popup, 4, EV 62.5 MPH)
|
Top of the 9th over - 0 runs, 1 hit, 0 errors, 1 left on base; Wichita State University 8 - University of Alabama 4 |
BOTTOM OF THE 9TH |
University of Alabama Crimson Tide batting - Pitching for Wichita State University Shockers : RHP Nate Dallman
|
Batting: LHB Fernando Gomez
|
0-0: Ball 1-0: Called Strike 1-1: Called Strike 1-2: Ball 2-2: Ground out 6-3 (Groundball, 6M, EV 80.6 MPH)
|
Batting: RHB Vince Jackson
|
0-0: Ball 1-0: Ball 2-0: Ball 3-0: Called Strike 3-1: SINGLE (Line Drive, 34D, EV 98.1 MPH)
|
Batting: SHB Matt Childers
|
0-0: Ball 1-0: Foul Ball, location: 2F 1-1: Ball 2-1: Grounds into double play, 4-6-3 (Groundball, 4M, EV 100.0 MPH)
|
Bottom of the 9th over - 0 runs, 1 hit, 0 errors, 0 left on base; Wichita State University 8 - University of Alabama 4 |
|